 Dungeon Sprint DCSS version 0.21-a0-176-gb3d4b37 (webtiles) character file.

431 minicreteconcrete the Frost Mage (level 6, -4/35 HPs)
             Began as a Deep Elf Ice Elementalist on Aug 8, 2017.
             Was a High Priest of Vehumet.
             Slain by an air elemental (7 damage)
             ... in the Dungeon (Sprint V: "Ziggurat Sprint").
             The game lasted 00:05:43 (235 turns).

minicreteconcrete the Frost Mage (DEIE)              Turns: 235, Time: 00:05:43

Health: -4/35      AC:  2    Str:  5    XL:     6   Next: 67%
Magic:  11/19      EV: 16    Int: 31    God:    Vehumet [*****.]
Gold:   0          SH:  0    Dex: 15    Spells: 5/22 levels left

rFire    . . .     SeeInvis .   a - staff of energy
rCold    . . .     Gourm    .   (no shield)
rNeg     . . .     Faith    .   D - +0 robe
rPois    .         Spirit   .   (no helmet)
rElec    .         Reflect  .   (no cloak)
rCorr    .         Harm     .   (no gloves)
MR       ++...     NoTele   +   (no boots)
Stlth    +++.......             (no amulet)
HPRegen  0.11/turn              H - +6 ring of intelligence
MPRegen  0.16/turn              X - ring of the Mage {Wiz MR++ Int+3}

@: radiating poison, very slightly contaminated
A: no striking features
a: Renounce Religion


You were in the Dungeon.
You worshipped Vehumet.
Vehumet was extremely pleased with you.
You were not hungry.

You visited 1 branch

Inventory:

Hand Weapons
 b - a +5 demon trident
 N - the +6 Majin-Bo {vamp, Archmagi MP+6 Int+6}
   (You found it in the Dungeon)

   It inflicts no extra harm, but heals its wielder when it wounds a living foe.
   It affects your intelligence (+6).
   It affects your magic capacity (+6).
 U - the +12 glaive of Prune {chop}
   (You found it in the Dungeon)

   It inflicts extra damage upon your enemies.
Armour
 x - +5 gold dragon scales
 D - a +0 robe (worn)
 O - the +18 shield of the Gong {rElec rN+ MR+ EV-5}
   (You found it in the Dungeon)

   It affects your evasion (-5).
   It insulates you from electricity.
   It protects you from negative energy.
   It affects your resistance to hostile enchantments.
 Q - the +11 chain mail of the Game of Kings {+Inv rC++ rN+ Str-5}
   (You found it in the Dungeon)

   It affects your strength (-5).
   It greatly protects you from cold.
   It protects you from negative energy.
   It lets you turn invisible.
Magical Staves
 a - an uncursed staff of energy (weapon)
 P - an uncursed staff of death
 S - an uncursed staff of earth
Jewellery
 F - a +6 ring of dexterity
 G - a +6 ring of dexterity
 H - a +6 ring of intelligence (left hand)
 I - a +6 ring of intelligence
 J - a +6 ring of strength
 K - a +6 ring of strength
 L - an uncursed ring of flight
 R - an uncursed ring of protection from magic
 X - the ring of the Mage (right hand) {Wiz MR++ Int+3}
   (You found it in the Dungeon)

   [ring of wizardry]

   It improves your spell success rate.
   It affects your intelligence (+3).
   It affects your resistance to hostile enchantments.
Wands
 z - a wand of disintegration (7/24)
 A - a wand of iceblast (2/15)
 B - a wand of lightning (5/15)
 C - a wand of acid (3/15)
Scrolls
 i - 4 scrolls of blinking
 m - 4 scrolls of amnesia
 p - 3 scrolls of recharging
 q - 7 scrolls of fog
 r - 2 scrolls of holy word
 s - 5 scrolls of identify
 t - 5 scrolls of remove curse
 u - 2 scrolls of fear
Potions
 d - 10 potions of curing
 e - 9 potions of heal wounds
 f - 6 potions of haste
 g - 7 potions of magic
 h - 3 potions of berserk rage
 j - 2 potions of brilliance
 k - 2 potions of invisibility
 l - 4 potions of resistance
 n - 5 potions of agility
 o - 5 potions of might
Books
 y - a book of Frost

   Spells                             Type                      Level
   a - Freeze                         Ice                          1
   b - Throw Frost                    Conjuration/Ice              2
   c - Ozocubu's Armour               Charms/Ice                   3
   d - Throw Icicle                   Conjuration/Ice              4
   e - Summon Ice Beast               Ice/Summoning                4
 T - a book of Dreams

   Spells                             Type                      Level
   a - Ensorcelled Hibernation        Hexes/Ice                    2
   b - Silence                        Hexes/Air                    5
   c - Darkness                       Hexes                        6
   d - Shadow Creatures               Summoning                    6
 V - the Tome of Vitriolic Summoning
   (You found it in the Dungeon)

   Spells                             Type                      Level
   a - Sting                          Conjuration/Poison           1
   b - Call Imp                       Summoning                    2
   c - Spider Form                    Transmutation/Poison         3
   d - Olgreb's Toxic Radiance        Poison                       4
   e - Summon Mana Viper              Hexes/Summoning              5
   f - Summon Demon                   Summoning                    5
Miscellaneous
 E - a crystal ball of energy
 M - a lightning rod (4/4)
 W - a fan of gales
 Y - a box of beasts
Comestibles
 c - 5 bread rations
 v - 42 fruits
 w - 4 meat rations


   Skills:
 + Level 2.3 Fighting
 + Level 1.0 Polearms
 + Level 2.1 Armour
 + Level 7.0 Dodging
 + Level 6.1 Stealth
 + Level 8.8 Spellcasting
 + Level 2.1 Conjurations
 + Level 1.6 Summonings
 + Level 10.5 Ice Magic
 + Level 3.9 Evocations


You had 5 spell levels left.
You knew the following spells:

 Your Spells              Type           Power        Failure   Level  Hunger
a - Freeze                Ice            ####         1%          1    None
b - Throw Frost           Conj/Ice       ######       1%          2    None
c - Blink                 Tloc           N/A          2%          2    None
d - Summon Ice Beast      Ice/Summ       ######..     1%          4    None
e - Throw Icicle          Conj/Ice       ######..     1%          4    None
f - Olgreb's Toxic Radia  Pois           ##......     4%          4    None


Dungeon Overview and Level Annotations

Branches:
Dungeon (1/1)

Altars:
Ashenzari
Cheibriados
Dithmenos
Elyvilon
Fedhas
Gozag
Hepliaklqana
Kikubaaqudgha
Makhleb
Nemelex Xobeh
Okawaru
Qazlal
Ru
Sif Muna
Trog
Uskayaw
Vehumet
Wu Jian
Xom
Yredelemnul
Zin
The Shining One
Beogh
Jiyva
Lugonu


Message History

You feel slightly ill.
The wind drake hisses angrily.
The insubstantial wisp gives a chilling moan.
The wind drake flaps its wings at you. The air twists around and strikes you!
* * * LOW HITPOINT WARNING * * *
Unknown command.
You feel much better.
The insubstantial wisp blinks!
The air elemental hits you!
Casting: Olgreb's Toxic Radiance
Confirm with . or Enter, or press ? or * to list all spells.
You begin to radiate toxic energy.
The wind drake is poisoned. x3
The air elemental closely misses you. The air elemental barely misses you.
The air elemental hits you.
* * * LOW HITPOINT WARNING * * *
The wind drake flaps its wings at you. The air twists around and strikes you!
* * * LOW HITPOINT WARNING * * *
The air elemental barely misses you. The air elemental hits you!
You die...

▓..)}=..▓
▓..})}..▓
▓..v....▓
▓..k....▓
▓...k...▓
...k...
▓.▓.EE▓.▓
▓...@...▓
▓▓▓▓▓▓▓▓▓


You could see 3 wind drakes, 2 air elementals and an insubstantial wisp.

Vanquished Creatures
  A naga (D)
  A water moccasin (D)
  2 wights (D)
  A small abomination (D)
  An adder (D)
  A river rat (D)
  A white imp (D)
  An adder zombie (D)
  A ball python (D)
  A bat zombie (D)
  2 jackals (D)
13 creatures vanquished.

Vanquished Creatures (collateral kills)
  A phantom (D)
  A crimson imp (D)
  2 white imps (D)
  A leopard gecko skeleton (D)
5 creatures vanquished.

Grand Total: 18 creatures vanquished

Notes
Turn   | Place    | Note
-------+----------+-------------------------------------------
     0 | D        | minicreteconcrete the Deep Elf Ice Elementalist began the quest for the Orb.
     0 | D        | Reached XP level 1. HP: 10/10 MP: 6/6
     0 | D        | Found a deep blue altar of Sif Muna.
     0 | D        | Found a sacrificial altar of Ru.
     0 | D        | Found a bloodstained altar of Trog.
     0 | D        | Found a stormy altar of Qazlal.
     0 | D        | Found an iron altar of Okawaru.
     0 | D        | Found a sparkling altar of Nemelex Xobeh.
     0 | D        | Found a blossoming altar of Fedhas.
     2 | D        | Reached skill level 4 in Ice Magic
     2 | D        | Reached XP level 2. HP: 17/17 MP: 6/9
     3 | D        | Found a transporter.
     3 | D        | Found an ancient bone altar of Kikubaaqudgha.
     3 | D        | Found a viscous altar of Jiyva.
     3 | D        | Found a corrupted altar of Lugonu.
     3 | D        | Found a hazy altar of Hepliaklqana.
     3 | D        | Found a burning altar of Makhleb.
     3 | D        | Found an opulent altar of Gozag.
    27 | D        | Became a worshipper of Vehumet
    44 | D        | Learned a level 2 spell: Throw Frost
    53 | D        | Entered arena 2.
    53 | D        | Found a transporter.
    61 | D        | Got the +11 chain mail of the Game of Kings {+Inv rC++ rN+ Str-5}
    64 | D        | Entered arena 3.
    64 | D        | Found a transporter.
    66 | D        | Reached * piety under Vehumet
    66 | D        | Offered knowledge of Shock by Vehumet.
    73 | D        | Reached skill level 5 in Spellcasting
    73 | D        | Reached skill level 5 in Ice Magic
    83 | D        | Learned a level 2 spell: Blink
   108 | D        | Entered arena 4.
   108 | D        | Noticed a naga
   108 | D        | Noticed a water moccasin
   108 | D        | Found a transporter.
   109 | D        | Reached ** piety under Vehumet
   109 | D        | Reached XP level 3. HP: 21/21 MP: 11/11
   111 | D        | Killed a naga
   111 | D        | Reached skill level 5 in Dodging
   111 | D        | Reached skill level 5 in Stealth
   111 | D        | Reached skill level 8 in Ice Magic
   111 | D        | Reached XP level 4. HP: 26/26 MP: 11/14
   111 | D        | Reached XP level 5. HP: 30/30 MP: 12/16
   111 | D        | Killed a water moccasin
   111 | D        | Reached skill level 9 in Ice Magic
   117 | D        | Learned a level 4 spell: Summon Ice Beast
   122 | D        | Learned a level 4 spell: Throw Icicle
   136 | D        | Entered arena 5.
   136 | D        | Noticed a phantom
   136 | D        | Found a transporter.
   141 | D        | Reached *** piety under Vehumet
   143 | D        | Reached XP level 6. HP: 35/35 MP: 7/18
   153 | D        | Reached skill level 1 in Summonings
   153 | D        | Reached skill level 10 in Ice Magic
   160 | D        | Identified the Tome of Vitriolic Summoning (You found it in the Dungeon)
   180 | D        | Entered arena 6.
   180 | D        | Found a transporter.
   183 | D        | Reached **** piety under Vehumet
   190 | D        | Reached ***** piety under Vehumet
   190 | D        | Reached skill level 1 in Polearms
   208 | D        | Learned a level 4 spell: Olgreb's Toxic Radiance
   232 | D        | Entered arena 7.
   232 | D        | Noticed an air elemental
   232 | D        | Noticed a wind drake
   232 | D        | Noticed a wind drake
   232 | D        | Noticed a wind drake
   232 | D        | Noticed an air elemental
   232 | D        | Noticed an insubstantial wisp
   235 | D        | Slain by an air elemental

Vault maps used:
D:        sprint_v

Skill      XL: |  1  2  3  4  5  6 |
---------------+-------------------+-----
Fighting       | 2 |  2.3
Armour         | 2 |  2.1
Dodging        | 4 5 6 7 |  7.0
Stealth        | 4 5 6 |  6.1
Spellcasting   | 4 5 6 7 8 |  8.8
Ice Magic      | 4 5 8 9 10 | 10.5
Evocations     | 2 3 |  3.9
Conjurations   | 2 |  2.1
Summonings     | 1 |  1.6
Polearms       | 1 |  1.0

Action                   |  1- 3 |  4- 6 || total
-------------------------+-------+-------++-------
Melee: Demon trident     |       |     9 ||     9
 Cast: Throw Frost       |     4 |       ||     4
       Freeze            |     1 |       ||     1
       Summon Ice Beast  |       |     5 ||     5
       Throw Icicle      |       |     3 ||     3
       Olgreb's Toxic Ra |       |     1 ||     1
       Blink             |       |     1 ||     1
Evoke: Staff of energy   |     4 |     9 ||    13
       Wand              |     4 |     1 ||     5
  Use: Potion            |     1 |     1 ||     2
Armor: Robe              |       |     1 ||     1
Dodge: Dodged            |     4 |     6 ||    10
